 Dungeon Crawl Stone Soup version 0.21.0 (webtiles) character file.

57 Clarigatio the Grave Robber (level 4, -2/33 HPs)
             Began as a Hill Orc Necromancer on Apr 2, 2018.
             Slain by an ooze (3 damage)
             ... on level 2 of the Dungeon.
             The game lasted 00:21:23 (1753 turns).

Clarigatio the Grave Robber (Hill Orc Necromancer)  Turns: 1753, Time: 00:21:23

Health: -2/33      AC:  4    Str: 10    XL:     4   Next: 0%
Magic:  2/7        EV: 12    Int: 16    God:
Gold:   85         SH:  0    Dex: 11    Spells: 2/7 levels left

rFire    . . .     SeeInvis .   r - +0 hand axe
rCold    . . .     Gourm    .   (no shield)
rNeg     . . .     Faith    .   n - +2 robe {MR+}
rPois    .         Spirit   .   (no helmet)
rElec    .         Reflect  .   (no cloak)
rCorr    .         Harm     .   (no gloves)
MR       +....                  (no boots)
Stlth    ++........             (no amulet)
HPRegen  0.11/turn              (no ring)
MPRegen  0.10/turn              (no ring)

@: no status effects
A: no striking features
a: no special abilities


You were on level 2 of the Dungeon.
You were not hungry.

You visited 1 branch of the dungeon, and saw 2 of its levels.

You collected 85 gold pieces.

Inventory:

Hand Weapons
 d - a +0 club
 g - a +0 dire flail
 r - a +0 hand axe (weapon)
Missiles
 h - 22 poisoned needles
Armour
 a - a +0 robe
 n - a +2 robe of magic resistance (worn)
 s - a +0 robe
Jewellery
 q - an uncursed amulet of the gourmand {unknown}
Scrolls
 e - 2 scrolls of magic mapping {unknown}
 j - a scroll of blinking {unknown}
 k - a scroll of remove curse {unknown}
 l - a scroll of teleportation {unknown}
 m - 2 scrolls of identify {unknown}
 u - a scroll of enchant armour {unknown}
Potions
 p - a potion of agility {unknown}
 t - a potion of mutation {unknown}
Books
 b - a book of Necromancy

   Spells                             Type                      Level
   a - Pain                           Necromancy                   1
   b - Animate Skeleton               Necromancy                   1
   c - Vampiric Draining              Necromancy                   3
   d - Regeneration                   Charms/Necromancy            3
   e - Animate Dead                   Necromancy                   4
   f - Borgnjor's Vile Clutch         Necromancy/Earth             5


   Skills:
 + Level 0.2 Fighting
 + Level 0.4 Maces & Flails
 + Level 1.8 Dodging
 + Level 1.7 Stealth
 + Level 2.1 Spellcasting
 + Level 4.7 Necromancy


You had 2 spell levels left.
You knew the following spells:

 Your Spells              Type           Power        Failure   Level  Hunger
a - Pain                  Necr           ###.         2%          1    #......
b - Animate Skeleton      Necr           N/A          2%          1    #......
c - Vampiric Draining     Necr           ###.......   9%          3    ###....


Dungeon Overview and Level Annotations

Branches:
Dungeon (2/15)

Altars:


Message History

The jelly hits you. The acid corrodes you!
You are splashed with acid!
The acid burns!
* * * LOW HITPOINT WARNING * * *
The jelly barely misses you.
Unknown command.
The ooze hits you.
* * * LOW HITPOINT WARNING * * *
You see here a short sword.
Your magical contamination has completely faded away.
It was a potion of cancellation.
Your magical effects are unravelling.
You feel magically purged.
You are no longer corroded.
The ooze hits you but does no damage.
It was a potion of curing.
You feel better. The ooze hits you.
You feel better. The ooze hits you. The jelly hits you.
You are splashed with acid!
The acid burns!
* * * LOW HITPOINT WARNING * * *
The ooze hits you.
You die...

.....'(...........#
.....'............#
.....'.......>....#
....##....J......#####
...###...>..#....#...##
######.######..(......##
#####..................#
.#........##.(.........#
....#.###...(...@......#
...##.# ###.#..JJ.....##
......## #.#....#...##
.......####.....######
#...##.....(....#####
#.....)...#.........#
......)......(...####
##.#...(..#.#...##
.<.....#.##...###


You could see a jelly and an ooze.

Vanquished Creatures
  4 oozes (D:2)
  A giant cockroach (D:2)
  3 hobgoblins (D:1)
  11 kobolds
  5 bats
  2 frilled lizards (D:1)
  8 goblins
  2 rats (D:1)
36 creatures vanquished.

Vanquished Creatures (collateral kills)
  A goblin (D:1)
  A hobgoblin (D:1)
  A frilled lizard (D:2)
  2 rats (D:2)
5 creatures vanquished.

Vanquished Creatures (others)
  11 toadstools (D:2)
11 creatures vanquished.

Grand Total: 52 creatures vanquished

Notes
Turn   | Place    | Note
-------+----------+-------------------------------------------
     0 | D:1      | Clarigatio the Hill Orc Necromancer began the quest for the Orb.
     0 | D:1      | Reached XP level 1. HP: 14/14 MP: 3/3
     2 | D:1      | Learned a level 1 spell: Animate Skeleton
   375 | D:1      | Reached XP level 2. HP: 17/20 MP: 1/4
  1234 | D:2      | Reached XP level 3. HP: 11/26 MP: 2/6
  1243 | D:2      | Learned a level 3 spell: Vampiric Draining
  1606 | D:2      | Reached XP level 4. HP: 4/33 MP: 2/7
  1752 | D:2      | HP: 1/33 [acid (10)]
  1753 | D:2      | Slain by an ooze

Skill      XL: |  1  2 |
---------------+-------+-----
Spellcasting   | 2 |  2.1
Fighting       | |  0.2
Maces & Flails | |  0.4
Dodging        | |  1.8
Stealth        | |  1.7
Necromancy     | |  4.7

Action                   |  1- 3 |  4- 6 || total
-------------------------+-------+-------++-------
Melee: Unarmed           |     4 |       ||     4
       Dire flail        |    42 |       ||    42
       Club              |    27 |       ||    27
       Hand axe          |    25 |     1 ||    26
 Cast: Pain              |    39 |     1 ||    40
       Animate Skeleton  |     9 |       ||     9
       Vampiric Draining |     3 |     1 ||     4
  Use: Potion            |     1 |     3 ||     4
  Eat: Chunk             |     3 |       ||     3
       Ration            |       |     1 ||     1
Armor: Robe              |    52 |     2 ||    54
Dodge: Dodged            |    91 |     3 ||    94
